 Dungeon Crawl Stone Soup version 0.30-a0-845-g7c6808c8ce (webtiles) character file.

Game seed: 547569227566054264

26 Lobster4 the Digger (level 2, -3/26 HPs)
             Began as a Troll Earth Elementalist on Mar 2, 2023.
             Succumbed to a kobold's poison
             ... on level 1 of the Dungeon.
             The game lasted 00:01:15 (335 turns).

Lobster4 the Digger (Troll Earth Elementalist)       Turns: 335, Time: 00:01:15

Health: -3/26      AC:  4    Str: 15    XL:     2   Next: 89%
Magic:  2/3        EV: 10    Int: 11    God:
Gold:   26         SH:  0    Dex: 10    Spells: 2/3 levels left

rFire   . . .      SeeInvis .    (no weapon)
rCold   . . .      Faith    .    (no shield)
rNeg    . . .      Spirit   .    a - +0 robe
rPois   .          Reflect  .    (helmet restricted)
rElec   .          Rampage  .    (no cloak)
rCorr   .                        (gloves unavailable)
Will    .....                    (boots unavailable)
Stlth   +                        (no amulet)
HPRegen 1.04/turn                (no ring)
MPRegen 0.08/turn                (no ring)

@: lethally poisoned (-3 -> -13), flying
A: large, unfitting armour, claws 3, regeneration 1, shaggy fur 1, tough skin 1
a: no special abilities


You were on level 1 of the Dungeon.
You visited 1 branch of the dungeon, and saw 1 of its levels.

You collected 26 gold pieces.

Inventory:

Hand Weapons
 c - a +0 club
Missiles
 d - 11 stones
Armour
 a - a +0 robe (worn)
Scrolls
 e - a scroll of enchant weapon {unknown}
 f - a scroll of noise {unknown}
 g - a scroll of poison {unknown}
Potions
 b - a potion of magic
 h - a potion of might


   Skills:
 + Level 0.4 Fighting
 + Level 0.5 Maces & Flails
 + Level 0.4 Armour
 + Level 1.8 Dodging
 - Level 1.0 Stealth
 + Level 0.5 Unarmed Combat
 + Level 1.4 Spellcasting
 + Level 0.8 Transmutations
 + Level 2.8 Earth Magic


You had 2 spell levels left.
You knew the following spells:

 Your Spells              Type           Power      Damage    Failure   Level
a - Sandblast             Erth           14%        2d6       10%         1

Your spell library contained the following spells:

 Spells                   Type           Power      Damage    Failure   Level
 Passwall                 Tmut/Erth      3%         N/A       22%         2
 Stone Arrow              Conj/Erth      6%         3d7       45%         3
 Petrify                  Tmut/Erth      4%         N/A       82%         4


Dungeon Overview and Level Annotations

Branches:
Dungeon (1/15)

Altars:


Innate Abilities, Weirdness & Mutations

You are too large for most types of armour.
You have claws for hands.
Your natural rate of healing is unusually fast.
You are covered in fur. (AC +1)
You have tough skin. (AC +1)


Message History

No target in view!
You now have 26 gold pieces (gained 15).
d - 11 stones (gained 4)
Things that are here:
a +0 short sword; a kobold corpse You see here a bat corpse.
i - a fuming yellow potion A kobold comes into view.
It is wielding a +2 short sword of venom.
The kobold shouts!
The kobold drinks a potion.
The kobold seems to grow stronger.
You closely miss the kobold. You barely miss the kobold.
The kobold hits you with a +2 short sword of venom.
You are poisoned.
You scratch the kobold.
The kobold is moderately wounded.
You feel very sick. The kobold barely misses you.
You closely miss the kobold.
The kobold is moderately wounded.
You feel sick.
The kobold hits you with a +2 short sword of venom.
You are lethally poisoned!
You are too injured to fight recklessly!
It was a potion of flight.
You feel very buoyant.
You fly up into the air.
You feel very sick. The kobold hits you but does no damage.
You are more poisoned.
Casting: Sandblast (safe; 10% risk of failure)
Confirm with . or Enter, or press ? or * to list all spells.
Aiming: Sandblast (safe; 10% risk of failure)
Press: ? - help, Shift-Dir - straight line, f - kobold
Aim: a kobold, wielding a +2 short sword of venom and quivering stones (moderately wounded, strong, 76% to hit)
The blast of sand hits the kobold!
You kill the kobold!
* * * LOW HITPOINT WARNING * * *
You feel extremely sick.
You die...

....>...# ..#.#
#.......#.#####.#
........#........
###.......#.#####.#
#.........# #..
#.........# #..
######...)####.# #..
...............# #..
#.....@.####..#####.#..
#.......#####.......#..
...............#####.#..
.........###...# #..
########## #...# #.#
###.# #.# #.# # # #.#
#..


There were no monsters in sight!

Vanquished Creatures
  A dart slug (D:1)
  2 bats (D:1)
  4 endoplasms (D:1)
  A giant cockroach (D:1)
  A goblin (D:1)
  2 hobgoblins (D:1)
  2 jackals (D:1)
  4 kobolds (D:1)
  A frilled lizard (D:1)
  3 rats (D:1)
21 creatures vanquished.

Notes
Turn   | Place    | Note
-------+----------+-------------------------------------------
     0 | D:1      | Lobster4 the Troll Earth Elementalist began the quest for
                  | the Orb.
     0 | D:1      | Reached XP level 1. HP: 16/16 MP: 1/1
   112 | D:1      | Reached XP level 2. HP: 24/24 MP: 3/3
   334 | D:1      | HP: 1/26 [poisoned by a kobold]
   335 | D:1      | Succumbed to a kobold's poison

Illustrated notes

Levels and vault maps discovered:
D:1:      dpeg_arrival_prison, layout_rooms, roderic_lattice_a

Action                     || total
---------------------------++-------
  Melee: Unarmed           ||    57
   Cast: Sandblast         ||     2
    Use: Potion            ||     1
   Stab: Sleeping          ||     1
 Armour: Robe              ||    20
  Dodge: Dodged            ||    32

Table legend: (Time is in decaauts)
 A = Elapsed time spent in this place.
 B = Non-inter-level travel time spent in this place.
 C = Inter-level travel time spent in this place.
 D = Time resting spent in this place.
 E = Time spent auto-exploring this place.
 F = Levels seen in this place.
 G = Mean time per level.
                   A        B        C        D        E       F      G
               +--------+--------+--------+--------+--------+-----+--------+
         Total |    335 |    335 |      0 |      0 |    207 |   1 |  335.0 |
       Dungeon |    335 |    335 |      0 |      0 |    207 |   1 |  335.0 |
               +--------+--------+--------+--------+--------+-----+--------+

Top non-repeatable levels by time:
     D:1: 335 daAuts
